 Dungeon Crawl Stone Soup version 0.17-a0-1582-ge6b0260 (webtiles) character file.

1302 Chiseanne the Covered (level 8, -2/63 HPs)
             Began as a Demonspawn Wanderer on July 27, 2015.
             Splashed by a jelly's acid (11 damage)
             ... on level 6 of the Dungeon.
             The game lasted 00:20:16 (7491 turns).

Chiseanne the Covered (Demonspawn Wanderer)         Turns: 7491, Time: 00:20:16

Health: -2/63      AC:  0    Str: 13    XL:     8   Next: 31%
Magic:  12/12      EV: 10    Int: 16    God:
Gold:   312        SH:  0    Dex: 12    Spells: 0 memorised, 12 levels left

rFire  . . .     SeeInvis .     s - +0 mace
rCold  . . .     Clarity  .     k - +2 scale mail
rNeg   . . .     SustAt   .     (no shield)
rPois  .         Gourm    .     l - +0 helmet
rElec  .         Spirit   .     t - +0 cloak
rCorr  .         Warding  .     (no gloves)
rMut   .         Stasis   .     (no boots)
MR     .....                    (no amulet)
Stlth  ..........               (no ring)
                                (no ring)

@: corroded equipment, invisible, not resistant to hostile enchantments,
extremely unstealthy
A: hooves 1, foul stench 1, rot immunity
a: no special abilities


You were on level 6 of the Dungeon.
You were very hungry.

You visited 2 branches of the dungeon, and saw 7 of its levels.

You collected 312 gold pieces.

Inventory:

Hand weapons
 a - a +1 dagger of venom
 s - a +0 mace (weapon)
Missiles
 g - 26 sling bullets
 i - 6 needles of confusion
 m - 25 arrows of flame
 p - 27 bolts
 u - 5 tomahawks (quivered)
 x - 43 arrows
 B - 5 javelins
Armour
 k - a +2 scale mail (worn)
 l - a +0 helmet (worn)
 t - a +0 cloak (worn)
Magical staves
 n - an uncursed staff of power
Scrolls
 e - 3 scrolls of remove curse
 o - a scroll of fog
 y - 4 scrolls of fear
 z - a scroll of blinking
 A - 2 scrolls of teleportation
Potions
 b - a potion of magic {unknown}
 j - a potion of curing {unknown}
 q - a potion of haste {unknown}
 r - a potion of cure mutation {unknown}
 v - 2 potions of brilliance {unknown}
 C - a potion of agility {unknown}
Comestibles
 d - 2 bread rations
 f - 6 fruits
 w - a slice of pizza


   Skills:
 - Level 5.5 Fighting
   Level 1.0 Bows
 - Level 1.0 Throwing
 * Level 7.2 Armour
 + Level 4.1 Dodging
 - Level 1.0 Stealth
 + Level 2.6 Spellcasting


You had 12 spell levels left.
You didn't know any spells.

Dungeon Overview and Level Annotations

Branches:
Dungeon (6/15)             Temple (1/1) D:4

Altars:
Ashenzari
Cheibriados
Elyvilon
Fedhas
Kikubaaqudgha
Nemelex Xobeh
Okawaru
Qazlal
Sif Muna
Trog
Xom
Yredelemnul
Zin
The Shining One


Innate Abilities, Weirdness & Mutations

You have large cloven feet.
You may emit foul miasma when damaged in melee.
You are immune to rotting.


Message History

The jelly closely misses you. The jelly barely misses you.
Your scale mail prevents you from hitting the jelly.
The jelly is almost dead.
The jelly hits you but does no damage.
The giant frog croaks.
You hit the jelly but do no damage. The acid corrodes you!
Your hands burn!
The jelly is almost dead.
The jelly barely misses you. The jelly hits you.
You are splashed with acid!
The acid burns!
* * * LOW HITPOINT WARNING * * *
You hit the jelly but do no damage.
Your hands burn!
* * * LOW HITPOINT WARNING * * *
The jelly is almost dead.
The jelly misses you.
Drink which item? (? for menu, Esc to quit)
You fade into invisibility!
The jelly hits you.
* * * LOW HITPOINT WARNING * * *
You are splashed with acid!
The acid burns!
You die...

##############...
.[....# #....
#####
###.#..####.##
♣♣♣♣♣♣
#.........#
♣♣....♣♣♣
#.#..######
♣♣♣♣..♣♣♣..♣♣♣
###..# ......♣
♣♣♣..♣♣♣ ##.#
♣♣)..♣♣ ♣♣♣..♣♣
#.# ♣...♣♣♣♣
♣♣♣.♣♣ #.#
♣♣)....♣ ♣♣@♣ #.#
....♣♣♣♣.♣ ♣J♣
#.# .♣♣♣♣
♣.aZ..F♣ #.#
♣♣♣g....♣ #.#
..$..♣ #.# ♣...♣♣
#.# ♣♣♣♣ #.# #.#
#.#


You could see a jelly, a worker ant, a gnoll and a giant gecko zombie.

Vanquished Creatures
  The ghost of maddy the Vandal, an average HaHu (D:3)
  An ice beast (D:6)
  A phantom (D:6)
  An ogre (D:5)
  A centaur (D:6)
  3 scorpions
  A water moccasin skeleton (D:6)
  4 jellies
  An orc priest (D:4)
  A hound (D:6)
  5 worker ants
  3 orc wizards (D:4)
  A hound zombie (D:6)
  Robin (D:2)
  8 adders
  A shadow imp (D:5)
  3 oozes
  2 worms
  An adder skeleton (D:4)
  11 orcs
  3 ball pythons
  15 bats
  A bat skeleton (D:6)
  6 giant cockroaches
  15 goblins
  13 hobgoblins
  3 jackals (D:4)
  3 quokkas
  4 giant geckos
  A giant gecko skeleton (D:5)
  2 giant newts
  10 kobolds
  10 rats
  A spectral orc (D:3)
138 creatures vanquished.

Vanquished Creatures (others)
  A giant frog (D:6)
  An orc (D:6)
  A hobgoblin (D:6)
  A jackal (D:6)
4 creatures vanquished.

Grand Total: 142 creatures vanquished

Notes
Turn   | Place    | Note
--------------------------------------------------------------
     0 | D:1      | Chiseanne the Demonspawn Wanderer began the quest for the Orb.
     0 | D:1      | Chiseanne set off with: a +2 scale mail, 2 potions of lignification, a +0 dagger, a bread ration
     0 | D:1      | Reached XP level 1. HP: 18/18 MP: 1/1
   310 | D:1      | Gained mutation: You have large cloven feet. [demonic ancestry]
   310 | D:1      | Reached XP level 2. HP: 17/24 MP: 2/2
  1233 | D:1      | Reached skill level 4 in Armour
  1346 | D:2      | Reached XP level 3. HP: 29/29 MP: 3/3
  1393 | D:2      | Reached skill level 1 in Dodging
  1646 | D:2      | Found a shimmering altar of Xom.
  2054 | D:2      | Noticed Robin
  2101 | D:2      | Killed Robin
  2107 | D:2      | Reached XP level 4. HP: 13/36 MP: 4/4
  2547 | D:2      | Found an iron altar of Okawaru.
  2549 | D:2      | Found a sparkling altar of Nemelex Xobeh.
  2662 | D:2      | Found a glowing golden altar of the Shining One.
  2895 | D:2      | Found a bloodstained altar of Trog.
  3073 | D:3      | Noticed maddy's ghost (average HaHu)
  3781 | D:3      | Found a white marble altar of Elyvilon.
  4154 | D:3      | Gained mutation: You are immune to rotting. [demonic ancestry]
  4154 | D:3      | Reached XP level 5. HP: 32/42 MP: 5/5
  4223 | D:3      | Killed maddy's ghost
  4223 | D:3      | Reached skill level 5 in Armour
  4223 | D:3      | Reached XP level 6. HP: 21/49 MP: 6/6
  4391 | D:3      | Found a basalt altar of Yredelemnul.
  4705 | D:4      | Reached skill level 5 in Fighting
  4924 | D:4      | Reached XP level 7. HP: 42/56 MP: 7/7
  5107 | D:4      | Found a staircase to the Ecumenical Temple.
  5126 | Temple   | Entered the Ecumenical Temple
  5581 | D:4      | Reached skill level 6 in Armour
  5684 | D:5      | Entered Level 5 of the Dungeon
  6079 | D:5      | Reached skill level 1 in Spellcasting
  6147 | D:5      | Found a shattered altar of Ashenzari.
  6728 | D:6      | Gained mutation: You may emit foul miasma when damaged in melee. [demonic ancestry]
  6728 | D:6      | Reached XP level 8. HP: 55/63 MP: 9/11
  6749 | D:6      | Got a shadowed robe
  6753 | D:6      | Found a glowing silver altar of Zin.
  6768 | D:6      | Identified the +2 robe "Xucuj" {*Corrode MR+ Dex+3 SInv} (You found it on level 6 of the Dungeon)
  7151 | D:6      | Reached skill level 7 in Armour
  7491 | D:6      | Splashed by a jelly's acid

Vault maps used:
D:1:      lemuel_arrival_river_passageway
D:2:      lemuel_doored_altar, nicolae_overflow_hidden_temple, uniq_robin
D:3:      yredelemnul_forgotten_temple_becter, hex_medium, elyvilon_altar_3
D:4:      minmay_temple_entry_grid
D:5:      evilmike_ruin_ashenzari, first_bread
D:6:      forest_paths, nicolae_dithmenos_the_darkroom, kennysheep_mini_moat,
          serial_shops, kennysheep_mini, lemuel_another_geyser,
          uniq_crazy_yiuf_cottage
Temple:   circular_temple_6

Action                   |  1- 3 |  4- 6 |  7- 9 || total
-------------------------+-------+-------+-------++-------
Melee: Dagger            |   130 |   188 |   148 ||   466
       Whip              |    53 |       |       ||    53
       Mace              |    52 |    80 |    52 ||   184
Throw: Tomahawk          |       |       |    16 ||    16
Evoke: Wand              |       |    18 |     5 ||    23
  Use: Scroll            |     3 |     9 |     2 ||    14
       Potion            |     2 |     6 |     2 ||    10
 Stab: Confused          |       |     6 |       ||     6
       Invisible         |       |       |     6 ||     6
  Eat: Chunk             |     4 |     9 |     6 ||    19
       Fruit             |       |       |     2 ||     2
